 Dungeon Crawl Stone Soup version 0.14.1-1-g650416f (webtiles) character file.

4980 Quh the Thaumaturge (level 10, -3/54 HPs)
             Began as a Deep Elf Wizard on May 3, 2014.
             Was an Initiate of Vehumet.
             Slain by a black mamba (19 damage)
             ... on Level 2 of the Lair of Beasts.
             The game lasted 01:53:21 (13750 turns).

Quh the Thaumaturge (Deep Elf Wizard)              Turns: 13750, Time: 01:53:21

HP  -3/54        AC  3     Str  6      XL: 10   Next: 17%
MP   4/30        EV 12     Int 25      God: Vehumet [......]
Gold 454         SH  0     Dex 13      Spells:  9 memorised,  6 levels left

rFire  . . .     SeeInvis .     A - staff of summoning
rCold  . . .     Clarity  +     z - +0 robe
rNeg   . . .     Conserve .     (no shield)
rPois  .         rCorr    .     b - +0 hat
rElec  .         rRot     .     l - +0 cloak
SustAb . .       Spirit   .     (no gloves)
rMut   .         Warding  +     (no boots)
Saprov . . .     Stasis   .     R - amulet of clarity
MR     +....                    e - ring of teleport control
                                D - +0,+8 ring of slaying

@: repel missiles, somewhat resistant to hostile enchantments, fairly stealthy
A: no striking features
a: Renounce Religion, Evoke Teleport Control


You were on level 2 of the Lair of Beasts.
You worshipped Vehumet.
Vehumet was noncommittal.
You were hungry.

You visited 2 branches of the dungeon, and saw 10 of its levels.

You collected 454 gold pieces.

Inventory:

Hand weapons
 u - a +1,+0 dagger of protection
Armour
 b - a +0 hat (worn)
 l - a +0 cloak (worn)
 z - a +0 robe (worn)
Magical devices
 K - a wand of frost (12) {unknown}
 O - a wand of flame (0)
Comestibles
 d - 2 bread rations
 h - 3 pears
 i - 6 meat rations
 C - 11 strawberries
 H - a rotting chunk of iguana flesh
 U - 15 sultanas
Scrolls
 a - a scroll of fog {unknown}
 k - 3 scrolls of fear {unknown}
 n - a scroll of recharging {unknown}
 o - 3 scrolls of remove curse {unknown}
 q - 2 scrolls of noise {unknown}
 s - 2 scrolls of enchant weapon I {unknown}
 t - 3 scrolls of random uselessness {unknown}
 v - a scroll of immolation {unknown}
 y - 4 scrolls of blinking {unknown}
 I - 2 scrolls of enchant armour {unknown}
 J - 2 scrolls of magic mapping {unknown}
 T - a scroll of amnesia {unknown}
Jewellery
 e - a ring of teleport control (right hand)
 g - a +2 ring of strength
 j - an uncursed ring of ice {unknown}
 p - an uncursed amulet of stasis {unknown}
 D - a +0,+8 ring of slaying (left hand)
 G - a +2 ring of strength
 R - an amulet of clarity (around neck)
Potions
 f - a potion of berserk rage {unknown}
 m - 3 potions of heal wounds
 r - 2 potions of restore abilities
 x - 5 potions of curing
 B - a potion of magic {unknown}
 F - a potion of poison {unknown}
 L - 2 potions of brilliance {unknown}
 V - a potion of haste {unknown}
Books
 c - a book of Minor Magic

   Spells                             Type                      Level
   *Magic Dart                        Conjuration                  1
   *Blink                             Translocation                2
   *Call Imp                          Summoning                    2
   *Repel Missiles                    Charms/Air                   2
   Slow                               Hexes                        2
   *Conjure Flame                     Conjuration/Fire             3
   *Mephitic Cloud                    Conjuration/Poison/Air       3
 w - the Collected Works on the Lethal Birds
   (You found it on level 7 of the Dungeon)

   Spells                             Type                      Level
   *Shock                             Conjuration/Air              1
   Static Discharge                   Conjuration/Air              3
   *Summon Lightning Spire            Summoning/Air                4
   Tornado                            Air                          9
 E - a book of Burglary

   Spells                             Type                      Level
   Apportation                        Translocation                1
   *Swiftness                         Charms/Air                   2
   Passwall                           Transmutation/Earth          3
   Passage of Golubria                Translocation                4
   Lee's Rapid Deconstruction         Earth                        5
   Darkness                           Hexes                        7
Magical staves
 A - an uncursed staff of summoning (weapon)


   Skills:
 + Level 2.6 Fighting
 - Level 2.4 Dodging
 - Level 2.4 Stealth
 * Level 8.5 Spellcasting
 - Level 5.6 Conjurations
 - Level 3.6 Charms
 - Level 5.9 Summonings
 - Level 3.8 Translocations
 * Level 7.3 Air Magic
 - Level 5.1 Poison Magic
 - Level 5.6 Evocations


You had 6 spell levels left.
You knew the following spells:

 Your Spells              Type           Power        Failure   Level  Hunger
a - Magic Dart            Conj           ####         1%          1    None
b - Blink                 Tloc           N/A          1%          2    None
c - Call Imp              Summ           ######..     1%          2    None
d - Repel Missiles        Chrm/Air       #####.       1%          2    None
e - Mephitic Cloud        Conj/Pois/Air  #####...     1%          3    None
f - Conjure Flame         Conj/Fire      ###.....     8%          3    None
g - Shock                 Conj/Air       ####         1%          1    None
h - Summon Lightning Spi  Summ/Air       ######..     4%          4    ##.....
i - Swiftness             Chrm/Air       #####...     1%          2    None


Dungeon Overview and Level Annotations

Branches:
Dungeon (8/15)             Temple (0/1) D:7            Lair (2/8) D:8

Altars:
Cheibriados
Elyvilon
Fedhas
Nemelex Xobeh
Trog
Vehumet
Xom
Yredelemnul
The Shining One


Message History

The bolt of electricity hits the black mamba. x2
The bolt of electricity hits your shadow imp.
Your shadow imp dies!
Casting: Call Imp
Confirm with . or Enter, or press ? or * to list all spells.
You are already protected from missiles.
Unknown command.
Casting: Repel Missiles
Confirm with . or Enter, or press ? or * to list all spells.
You don't know that spell.
Unknown command.
Casting: Repel Missiles
Confirm with . or Enter, or press ? or * to list all spells.
Aiming: Shock
Press: ? - help, Shift-Dir - straight line, f - black mamba
Aim: a black mamba (severely wounded)
The zap hits the black mamba.
The black mamba is almost dead.
The black mamba bites you!
You die...

........#
#.f..... #
###.f....# .#
#..?#....##..
...........
#......##.#(..
#......8......
#.##...#.......
##@S.......
#...#......
#...#...... .#
##... .... .
..# #..#####
#..## #?# #?.#
#....##.. ..%.
#.....#.. #...
##.....#.. #..
####.........


You could see a black mamba and a friendly lightning spire.

Vanquished Creatures
  Joseph (D:7)
  Prince Ribbit (D:5)
  A hippogriff (Lair:1)
  A water moccasin (D:8)
  An orc warrior (D:6)
  A sky beast (D:5)
  An ogre (D:4)
  2 porcupines (Lair:1)
  A centaur (D:7)
  3 crocodiles
  7 giant frogs
  A hippogriff zombie (D:8)
  A wight (D:7)
  2 goliath beetles
  5 crimson imps
  2 hounds
  6 orc priests
  A giant frog skeleton (D:7)
  An iron imp (Lair:1)
  3 orc wizards
  4 worker ants
  3 iguanas
  4 sheep (Lair:1)
  Jessica (D:3)
  A big kobold skeleton (D:6)
  A worker ant zombie (D:7)
  9 adders
  A shadow imp (D:5)
  A giant mite (D:4)
  3 white imps
  4 worms
  An adder skeleton (D:5)
  A giant eyeball (D:7)
  5 giant geckos
  An ooze (D:2)
  17 orcs
  3 ball pythons
  9 bats
  5 giant cockroaches
  16 hobgoblins
  3 jackals (D:4)
  8 quokkas
  A giant gecko zombie (D:4)
  6 giant newts
  A giant spore (D:7)
  8 goblins
  A goblin skeleton (D:5)
  A hobgoblin skeleton (D:6)
  9 kobolds
  A kobold skeleton (D:6)
  2 orc zombies (D:5)
  12 rats
  A rat skeleton (D:5)
186 creatures vanquished.

Vanquished Creatures (collateral kills)
  An elephant (D:8)
  A black mamba (Lair:1)
  2 spiny frogs (Lair:1)
  A yak (D:8)
  An elephant slug (D:8)
  A hippogriff (Lair:1)
  A water moccasin (Lair:1)
  A sky beast (D:7)
  A black bear (Lair:2)
  An ogre (D:8)
  A centaur (D:6)
  Duvessa (D:7)
  A giant frog (Lair:1)
  A crocodile (Lair:1)
  2 giant slugs
  A scorpion (D:4)
  A hippogriff skeleton (D:8)
  4 hounds
  Dowan (D:7)
  2 crimson imps
  A giant frog skeleton (D:8)
  An iguana (D:4)
  2 orc wizards
  2 worker ants
  4 sheep
  An ogre zombie (D:8)
  Ijyb (D:2)
  2 adders
  A shadow imp (Lair:2)
  2 giant mites
  A white imp (D:8)
  2 worms
  A giant gecko (D:5)
  3 orcs (D:4)
  2 bats
  3 jackals (Lair:1)
  3 kobolds
  A giant newt (D:3)
  A gnoll skeleton (D:4)
  A hobgoblin zombie (D:5)
  3 rats
64 creatures vanquished.

Vanquished Creatures (others)
  13 crimson imps
  2 iron imps (D:8)
  6 lightning spires
  12 shadow imps
  6 white imps
39 creatures vanquished.

Grand Total: 289 creatures vanquished

Notes
Turn   | Place    | Note
--------------------------------------------------------------
     0 | D:1      | Quh, the Deep Elf Wizard, began the quest for the Orb.
     0 | D:1      | Reached XP level 1. HP: 10/10 MP: 6/6
     2 | D:1      | Noticed a hell beast
     4 | D:1      | Noticed Vog Soun the pandemonium lord
     4 | D:1      | Noticed an iron devil
   594 | D:1      | Reached XP level 2. HP: 15/15 MP: 4/9
   702 | D:1      | Noticed an Executioner
   704 | D:1      | Noticed a chaos spawn
   941 | D:2      | Learned a level 2 spell: Blink
   944 | D:2      | Learned a level 2 spell: Call Imp
   947 | D:2      | Learned a level 2 spell: Repel Missiles
  1019 | D:2      | Reached XP level 3. HP: 19/19 MP: 0/13
  1185 | D:2      | Noticed Ijyb
  1209 | D:2      | Killed Ijyb
  1384 | D:2      | Found a blossoming altar of Fedhas.
  1860 | D:2      | Found a snail-covered altar of Cheibriados.
  2207 | D:3      | Reached skill level 1 in Air Magic
  2265 | D:3      | Learned a level 3 spell: Mephitic Cloud
  2424 | D:3      | Found a sparkling altar of Nemelex Xobeh.
  2558 | D:3      | Reached XP level 4. HP: 24/24 MP: 7/16
  2652 | D:3      | Noticed Jessica
  2726 | D:3      | Killed Jessica
  3096 | D:3      | Reached skill level 1 in Poison Magic
  3431 | D:4      | Reached skill level 5 in Spellcasting
  3431 | D:4      | Reached XP level 5. HP: 26/28 MP: 3/19
  3450 | D:4      | Learned a level 3 spell: Conjure Flame
  3654 | D:4      | Found a shimmering altar of Xom.
  3965 | D:4      | Noticed an ogre
  4009 | D:4      | Killed an ogre
  4009 | D:4      | Reached XP level 6. HP: 16/32 MP: 2/21
  4564 | D:4      | Reached skill level 6 in Spellcasting
  4650 | D:4      | Found a bloodstained altar of Trog.
  4687 | D:5      | Entered Level 5 of the Dungeon
  4863 | D:5      | Found a sand-covered staircase.
  4886 | D:5      | Noticed Prince Ribbit
  5052 | D:5      | Reached XP level 7. HP: 36/36 MP: 9/24
  5290 | D:5      | Killed Prince Ribbit
  5290 | D:5      | Reached skill level 5 in Conjurations
  6370 | D:6      | Reached skill level 1 in Evocations
  6394 | D:6      | Reached skill level 1 in Fighting
  6394 | D:6      | Reached XP level 8. HP: 38/43 MP: 7/25
  6721 | D:6      | Found a glowing golden altar of the Shining One.
  6836 | D:6      | Reached skill level 5 in Air Magic
  7180 | D:6      | Found a basalt altar of Yredelemnul.
  7180 | D:6      | Found a radiant altar of Vehumet.
  7213 | D:6      | Became a worshipper of Vehumet
  7462 | D:6      | Reached skill level 5 in Poison Magic
  8167 | D:7      | Reached skill level 1 in Charms
  8294 | D:7      | Noticed Dowan
  8295 | D:7      | Noticed Duvessa
  8449 | D:7      | Killed Dowan
  8564 | D:7      | Killed Duvessa
  8679 | D:7      | Found a staircase to the Ecumenical Temple.
  9087 | D:7      | Noticed Joseph
  9211 | D:7      | Killed Joseph
  9211 | D:7      | Reached XP level 9. HP: 32/48 MP: 0/27
  9443 | D:7      | Identified the Collected Works on the Lethal Birds
  9447 | D:7      | Learned a level 1 spell: Shock
  9452 | D:7      | Learned a level 4 spell: Summon Lightning Spire
  9835 | D:8      | HP: 2/49 [wyvern (15)]
 10772 | D:8      | Reached skill level 7 in Spellcasting
 11078 | D:8      | Found a white marble altar of Elyvilon.
 11252 | D:8      | Found a staircase to the Lair.
 11253 | D:8      | Noticed an elephant
 11514 | D:8      | Killed an elephant
 11843 | Lair:1   | Entered Level 1 of the Lair of Beasts
 11888 | Lair:1   | Reached skill level 5 in Evocations
 12042 | Lair:1   | Reached skill level 5 in Summonings
 12221 | Lair:1   | Noticed a spiny frog
 12563 | Lair:1   | Noticed a black mamba
 12586 | Lair:1   | Killed a black mamba
 12767 | Lair:1   | Reached skill level 8 in Spellcasting
 12801 | Lair:1   | Killed a spiny frog
 12801 | Lair:1   | Reached XP level 10. HP: 54/54 MP: 13/29
 13058 | Lair:1   | Learned a level 2 spell: Swiftness
 13142 | Lair:1   | Got a steaming ice dragon armour
 13156 | Lair:1   | Identified the +9 ice dragon armour "Chien" {rF- rC++ rN+ Dex+2} (You found it on level 1 of the Lair of Beasts)
 13292 | Lair:1   | Noticed a spiny frog
 13311 | Lair:1   | Killed a spiny frog
 13687 | Lair:2   | Noticed a black mamba
 13750 | Lair:2   | Slain by a black mamba

Action                   |  1- 3 |  4- 6 |  7- 9 | 10-12 || total
-------------------------+-------+-------+-------+-------++-------
Melee: Unarmed           |     3 |       |       |       ||     3
       Dagger            |     2 |     5 |     7 |       ||    14
 Cast: Magic Dart        |   112 |   111 |   374 |     8 ||   605
       Call Imp          |     5 |    31 |   102 |     9 ||   147
       Mephitic Cloud    |       |    14 |    67 |    12 ||    93
       Blink             |       |     8 |    64 |    11 ||    83
       Conjure Flame     |       |     4 |       |       ||     4
       Repel Missiles    |       |       |     3 |     1 ||     4
       Shock             |       |       |    35 |    20 ||    55
       Summon Lightning  |       |       |    20 |    10 ||    30
Evoke: Wand              |       |       |     1 |       ||     1
  Use: Scroll            |     2 |     2 |     8 |     1 ||    13
       Potion            |       |       |     7 |     1 ||     8
